 Dungeon Crawl Stone Soup version 0.29-a0-914-g906f1d757c (webtiles) character file.

Game seed: 13690378568182495498

60816 inmateoo the Grappler (level 14, -37/126 HPs)
             Began as a Troll Fighter on July 27, 2022.
             Was a High Priest of Hepliaklqana.
             Killed from afar by Roxanne (57 damage)
             ... with an iron shot
             ... on level 15 of the Dungeon.
             The game lasted 00:14:58 (14275 turns).

inmateoo the Grappler (Troll Fighter)              Turns: 14275, Time: 00:14:58

Health: -37/126    AC: 12    Str: 27    XL:     14   Next: 58%
Magic:  17/17      EV: 12    Int:  4    God:    Hepliaklqana [*****.]
Gold:   1178       SH: 10    Dex: 13    Spells: 10/13 levels left

rFire   + . .      SeeInvis .     - Unarmed
rCold   . . .      Faith    .   b - +0 kite shield
rNeg    . . .      Spirit   .   t - +0 steam dragon scales
rPois   +          Reflect  .   h - +2 hat
rElec   .          Harm     .   q - +0 cloak
rCorr   .          Rampage  .   (gloves unavailable)
Will    +....                   (boots unavailable)
Stlth   +.........              (no amulet)
HPRegen 1.11/turn               r - ring of protection from fire
MPRegen 0.15/turn               f - ring of poison resistance

@: no status effects
A: reduced essence, large, unfitting armour, claws 3, regeneration 1, shaggy fur
1, tough skin 1
a: Renounce Religion, Recall Ancestor, Ancestor Identity, Transference, Idealise


You were on level 15 of the Dungeon.
You worshipped Hepliaklqana.
Hepliaklqana was extremely pleased with you.
You visited 2 branches of the dungeon, and saw 16 of its levels.
You also visited: Bailey.

You collected 1178 gold pieces.

Inventory:

Missiles
 n - 2 throwing nets (quivered)
Armour
 b - a +0 kite shield (worn)
 h - a +2 hat (worn)
 q - a +0 cloak (worn)
 t - +0 steam dragon scales (worn)
Jewellery
 f - a ring of poison resistance (right claw)
 r - a ring of protection from fire (left claw)
 w - a ring of positive energy
 D - a ring of willpower
 F - a ring of willpower
Wands
 e - a wand of charming (9)
 j - a wand of acid (3)
 o - a wand of polymorph (13)
 p - a wand of flame (57)
 u - a wand of iceblast (13)
 v - a wand of mindburst (28)
 B - a wand of digging (3)
Scrolls
 g - 4 scrolls of magic mapping
 i - 7 scrolls of teleportation
 l - 2 scrolls of amnesia
 y - 2 scrolls of fear
 H - a scroll of blinking
 J - a scroll of brand weapon
Potions
 a - 5 potions of haste
 c - 3 potions of might
 d - 12 potions of curing
 m - a potion of flight
 s - a potion of lignification
 x - 5 potions of mutation
 z - 6 potions of heal wounds
 A - 5 potions of invisibility
 C - a potion of magic
 E - 2 potions of ambrosia
 G - 3 potions of cancellation
Miscellaneous
 k - a phantom mirror


   Skills:
 + Level 9.1 Fighting
 + Level 8.6 Armour
 + Level 9.1 Dodging
 + Level 9.9 Shields
 * Level 14.5 Unarmed Combat
 + Level 5.8 Invocations


You had 10 spell levels left.
You knew the following spells:

 Your Spells              Type           Power      Damage    Failure   Level
a - Beastly Appendage     Tmut           0%         N/A       71%         1
b - Wereblood             Tmut           0%         N/A       85%         2

Your spell library contained the following spells:

 Spells                   Type           Power      Damage    Failure   Level
 Magic Dart               Conj           0%         1d3       71%         1
 Searing Ray              Conj           0%         2d4       85%         2
 Confusing Touch          Hex            0%         N/A       97%         3
 Dazzling Flash           Conj/Hex       0%         N/A       97%         3
 Spider Form              Tmut/Pois      0%         N/A       97%         3
 Stone Arrow              Conj/Erth      0%         3d7       97%         3
 Animate Armour           Summ/Erth      0%         N/A       100%        4
 Corpse Rot               Necr/Pois/Air  0%         N/A       100%        4
 Dispel Undead            Necr           0%         3d6       100%        4
 Fulminant Prism          Conj/Hex       0%         3d6       100%        4
 Agony                    Necr           0%         N/A       100%        5
 Blade Hands              Tmut           0%         N/A       100%        5
 Irradiate                Conj/Tmut      0%         3d11      100%        5
 Iskenderun's Battlesphe  Conj           0%         2d6       100%        5
 Silence                  Hex/Air        0%         N/A       100%        5
 Yara's Violent Unravell  Hex/Tmut       0%         3d3       100%        5
 Death Channel            Necr           0%         N/A       100%        6
 Iron Shot                Conj/Erth      0%         9d1       100%        6
 Dragon Form              Tmut           0%         N/A       100%        7
 Enfeeble                 Hex            0%         N/A       100%        7
 Spellforged Servitor     Conj/Summ      0%         N/A       100%        7
 Lehudib's Crystal Spear  Conj/Erth      0%         10d2      100%        8


Dungeon Overview and Level Annotations

Branches:
Dungeon (15/15)            Temple (1/1) D:6            Lair (0/5) D:11
    Orc (0/2) D:10         Vaults (0/5) D:14         Bailey (visited)
 Depths: D:15

Altars:
Ashenzari
Cheibriados
Dithmenos
Elyvilon
Fedhas
Gozag
Hepliaklqana
Kikubaaqudgha
Makhleb
Nemelex Xobeh
Okawaru
Qazlal
Ru
Sif Muna
Trog
Uskayaw
Vehumet
Wu Jian
Xom
Yredelemnul
Zin
The Shining One

Portals:
Trove: D:11 (give 7 potions of haste)

Annotations:
D:15 Roxanne


Innate Abilities, Weirdness & Mutations

Your life essence is reduced to manifest your ancestor. (-10% HP)
You are too large for most types of armour.
You have claws for hands.
Your natural rate of healing is unusually fast.
You are covered in fur. (AC +1)
You have tough skin. (AC +1)


Message History

Roxanne is heavily damaged.
Belanum hits Roxanne with a +0 dagger of draining.
Belanum hits Roxanne but does no damage.
You claw Roxanne!
Roxanne is heavily damaged.
Roxanne mumbles some strange words.
The bolt of magma hits you!! You partially resist.
Belanum hits Roxanne but does no damage.
You scratch Roxanne but do no damage.
Roxanne is heavily damaged.
Belanum hits Roxanne but does no damage.
Roxanne casts a spell.
The iron shot hits Belanum!!
Belanum hits Roxanne with a +0 dagger of draining.
You claw Roxanne!
Roxanne is severely damaged.
Belanum hits Roxanne with a +0 dagger of draining.
Roxanne casts a spell.
The bolt of magma hits you!! You partially resist.
* * * LOW HITPOINT WARNING * * *
Belanum hits Roxanne but does no damage.
You scratch Roxanne but do no damage.
Roxanne is severely damaged.
Belanum hits Roxanne but does no damage. x2
You strike the helpless Roxanne from behind!
You scratch Roxanne but do no damage.
Roxanne is severely damaged.
Belanum hits Roxanne but does no damage.
Roxanne casts a spell.
Belanum blinks!
You strike the helpless Roxanne from behind!
You mangle Roxanne!!
Roxanne is severely damaged.
Belanum hits Roxanne but does no damage.
Belanum hits Roxanne with a +0 dagger of draining.
You mangle Roxanne!!
Roxanne is almost destroyed.
Roxanne casts a spell.
The iron shot hits you!!!
You die...

# #.................##...........
# #...............####........#..
###.................#...###..#...
#...........#...........# #....
..................#.#...# ..
..................#...#..
........................
............###........#
............# ##@ยง......
###.[.......# #[8....##
#.........# #..R..## ###########
##.)..# ....# ....# ....# ....#


You could see the friendly Belanum the hexer and Roxanne (ally target).

Vanquished Creatures
  Kirke (D:14)
  The ghost of Adiod the Thaumaturge, a journeyman DECj of Vehumet (D:13)
  4 boulder beetles
  A hydra (D:12)
  4 vault guards (D:14)
  A catoblepas (D:14)
  6 two-headed ogres
  2 centaur warriors
  A dancing weapon (D:13)
  Urug (D:11)
  The ghost of Protee the Reanimator, a novice VSNe of Uskayaw (D:9)
  3 orc knights
  A deep elf archer (D:14)
  A deep elf pyromancer (D:12)
  4 ugly things
  2 manticores
  2 cyclopes
  Joseph (D:8)
  A gargoyle (D:10)
  A tengu conjurer (D:14)
  2 unseen horrors
  A yaktaur (D:14)
  A kobold demonologist (D:9)
  4 trolls
  Grinder (D:3)
  Prince Ribbit (D:5)
  2 hornets
  A centaur simulacrum (D:15)
  17 slime creatures
  3 shadows
  21 yaks
  A hog (D:14)
  A vampire (D:11)
  A wyvern (D:10)
  2 water elementals
  4 basilisks
  A steam dragon (D:7)
  4 wargs
  12 vampire mosquitoes
  An ice beast (D:6)
  9 orc warriors
  2 black bears
  3 ogres
  2 phantoms
  13 kobold brigands
  2 gnoll sergeants
  5 bullfrogs
  A necrophage (D:4)
  2 scorpions (D:6)
  2 wights (D:10)
  A hexer (D:14)
  10 killer bees
  A howler monkey (D:5)
  4 electric eels (D:11)
  Crazy Yiuf (D:5)
  A jelly (D:5)
  6 hounds
  6 orc priests
  A gnoll bouda (D:10)
  3 iguanas
  Natasha (thrice) (D:3)
  8 orc wizards
  9 adders
  18 gnolls
  A shadow imp (D:8)
  2 white imps
  An ufetubus (D:5)
  2 worms (D:2)
  A dart slug (D:2)
  41 orcs
  8 endoplasms
  4 giant cockroaches
  20 goblins
  15 hobgoblins
  8 jackals
  11 kobolds
  6 quokkas
  13 ball pythons
  4 bats
  11 frilled lizards (D:2)
  6 rats
387 creatures vanquished.

Vanquished Creatures (collateral kills)
  Nessos (D:13)
  A boulder beetle (D:14)
  A two-headed ogre (D:14)
  Erica (D:11)
  A wizard (D:14)
  2 ugly things
  A cyclops (D:13)
  An unseen horror (D:11)
  A kobold demonologist (D:9)
  2 slime creatures
  2 hogs
  2 yaks (D:11)
  A warg (D:10)
  An acid dragon (D:10)
  A centaur (D:9)
  A gnoll sergeant (D:10)
  A killer bee (D:10)
  An electric eel (D:11)
  An orc wizard (D:11)
  2 gnolls
  7 orcs
  A hobgoblin (D:12)
  A kobold (D:12)
34 creatures vanquished.

Vanquished Creatures (others)
  A yak (D:11)
  An orc priest (D:10)
  11 hexers
  2 ancestors (D:8)
  3 fungi (D:5)
  7 plants
25 creatures vanquished.

Grand Total: 446 creatures vanquished

Notes
Turn   | Place    | Note
-------+----------+-------------------------------------------
     0 | D:1      | inmateoo the Troll Fighter began the quest for the Orb.
     0 | D:1      | Reached XP level 1. HP: 22/22 MP: 0/0
    59 | D:1      | Reached XP level 2. HP: 29/29 MP: 1/1
   269 | D:1      | Reached XP level 3. HP: 33/36 MP: 2/2
  1195 | D:2      | Reached skill level 3 in Unarmed Combat
  1212 | D:2      | Reached XP level 4. HP: 33/44 MP: 3/3
  1244 | D:2      | Reached skill level 1 in Armour
  1557 | D:3      | Reached XP level 5. HP: 44/53 MP: 4/4
  1866 | D:3      | Noticed Natasha
  1875 | D:3      | Killed Natasha
  1879 | D:3      | Noticed Natasha
  1886 | D:3      | Killed Natasha
  2044 | D:3      | Noticed Natasha
  2054 | D:3      | Killed Natasha
  2159 | D:4      | Reached XP level 6. HP: 56/61 MP: 5/5
  2172 | D:4      | Reached skill level 4 in Unarmed Combat
  2201 | D:4      | Noticed Grinder
  2203 | D:4      | Paralysed by Grinder for 3 turns
  2228 | D:3      | Paralysed by Grinder for 4 turns
  2246 | D:3      | Killed Grinder
  2356 | D:4      | Reached XP level 7. HP: 66/67 MP: 6/6
  2530 | D:4      | Found a glowing golden altar of the Shining One.
  2649 | D:4      | Reached skill level 5 in Unarmed Combat
  2781 | D:5      | Entered Level 5 of the Dungeon
  2794 | D:5      | Noticed Prince Ribbit
  2851 | D:5      | Killed Prince Ribbit
  2852 | D:5      | Reached XP level 8. HP: 18/78 MP: 7/7
  3076 | D:5      | Found a runed translucent door.
  3077 | D:5      | Noticed Crazy Yiuf
  3295 | D:5      | Found a stormy altar of Qazlal.
  3393 | D:5      | Found a blossoming altar of Fedhas.
  3492 | D:5      | Reached skill level 6 in Unarmed Combat
  3854 | D:5      | Killed Crazy Yiuf
  3972 | D:6      | Noticed a two-headed ogre
  3980 | D:6      | Killed a two-headed ogre
  3981 | D:6      | Reached skill level 5 in Shields
  3981 | D:6      | Reached skill level 7 in Unarmed Combat
  3981 | D:6      | Reached XP level 9. HP: 19/87 MP: 8/8
  4362 | D:6      | Found a burning altar of Makhleb.
  4407 | D:6      | Reached skill level 5 in Fighting
  4458 | D:6      | Found a white marble altar of Elyvilon.
  4462 | D:6      | Found an ornate altar of the Wu Jian Council.
  4530 | D:6      | Found a staircase to the Ecumenical Temple.
  4560 | Temple   | Entered the Ecumenical Temple
  4631 | Temple   | Became a worshipper of Hepliaklqana the Forgotten
  4702 | D:6      | Reached skill level 5 in Dodging
  5230 | D:7      | Identified the +3 hand axe of Gravity {protect, rPois
                  | Int+2}
  5522 | D:8      | Reached * piety under Hepliaklqana
  5530 | D:8      | Reached skill level 8 in Unarmed Combat
  5679 | D:8      | Noticed Joseph
  5755 | D:8      | Killed Joseph
  6004 | D:9      | Noticed a two-headed ogre
  6012 | D:9      | Killed a two-headed ogre
  6013 | D:9      | Reached XP level 10. HP: 15/88 MP: 9/9
  6106 | D:9      | Reached ** piety under Hepliaklqana
  6107 | D:9      | Remembered your ancestor Belanum as a hexer
  6134 | D:9      | Identified the +1 scale mail of Ivaib {Rampage rF+}
  6239 | D:9      | Reached skill level 9 in Unarmed Combat
  6297 | D:9      | Reached skill level 5 in Armour
  6394 | D:9      | Noticed Protee's ghost (novice VSNe)
  6395 | D:9      | Found a runed translucent gate.
  6395 | D:9      | Found a runed translucent gate.
  6395 | D:9      | Found a runed translucent gate.
  6534 | D:9      | Reached skill level 10 in Unarmed Combat
  6534 | D:9      | Reached XP level 11. HP: 96/96 MP: 10/10
  6588 | D:9      | Reached skill level 11 in Unarmed Combat
  6597 | D:9      | Killed Protee's ghost
  6668 | D:10     | Entered Level 10 of the Dungeon
  6681 | D:10     | Noticed a green ugly thing
  6694 | D:10     | Killed a green ugly thing
  6734 | D:10     | Found a staircase to the Orcish Mines.
  6796 | D:10     | Found a flagged portal.
  6813 | Bailey   | Entered a bailey
  7930 | D:10     | Reached skill level 12 in Unarmed Combat
  7930 | D:10     | Reached XP level 12. HP: 105/105 MP: 10/12
  8051 | D:10     | Noticed a two-headed ogre
  8057 | D:10     | HP: 3/106 [two-headed ogre/+0 giant club (25)]
  8058 | D:10     | Killed a two-headed ogre
  8165 | D:10     | Reached XP level 13. HP: 107/114 MP: 12/14
  8254 | D:11     | Noticed Erica
  8256 | D:11     | Killed Erica
  8265 | D:11     | Reached *** piety under Hepliaklqana
  8647 | D:11     | Found a staircase to the Lair.
  9285 | D:11     | Found a portal to a secret trove of treasure.
  9352 | D:11     | Reached skill level 13 in Unarmed Combat
  9356 | D:11     | Noticed Urug
  9372 | D:11     | Killed Urug
 10256 | D:12     | Reached **** piety under Hepliaklqana
 10870 | D:12     | Found a bloodstained altar of Trog.
 11069 | D:13     | Noticed Nessos
 11082 | D:13     | Killed Nessos
 11418 | D:13     | Found a runed translucent door.
 11418 | D:13     | Found a shimmering altar of Xom.
 11418 | D:13     | Noticed Adiod's ghost (journeyman DECj)
 11510 | D:13     | Found a white marble altar of Elyvilon.
 11816 | D:13     | Killed Adiod's ghost
 11817 | D:13     | Reached XP level 14. HP: 72/123 MP: 16/16
 12018 | D:14     | Reached skill level 5 in Invocations
 12237 | D:14     | Learned a level 1 spell: Beastly Appendage
 12240 | D:14     | Learned a level 2 spell: Wereblood
 12598 | D:14     | Reached ***** piety under Hepliaklqana
 12677 | D:14     | Reached skill level 14 in Unarmed Combat
 12850 | D:14     | Found a gate to the Vaults.
 13454 | D:15     | Entered Level 15 of the Dungeon
 13454 | D:15     | Noticed Kirke
 13748 | D:14     | Killed Kirke
 14257 | D:15     | Noticed Roxanne
 14275 | D:15     | Killed from afar by Roxanne

Illustrated notes

Levels and vault maps discovered:
D:1:      dpeg_arrival_morbid_curiosity, layout_basic
D:2:      layout_basic, minmay_lizard_king
D:3:      layout_basic, minivault_26, uniq_natasha
D:4:      layout_cave_pools, nicolae_tso_carved_into_rock,
          minmay_joined_circles, uniq_grinder
D:5:      layout_loops_ring, grunt_temple_overflow_forces_of_nature,
          roderic_roman_lattice, feat_on_display, uniq_crazy_yiuf_cottage,
          uniq_prince_ribbit1
D:6:      layout_cave_pools, makhleb_heckhound_becter, minitemple,
          minmay_temple_entry_butterflies, minmay_misc_feat_plants
D:7:      layout_cave_pods, abandoned_shop
D:8:      layout_rooms, uniq_joseph
D:9:      nicolae_cairo_tiling, layout_rooms, gammafunk_ghost_nasty_kobolds
D:10:     layout_basic, erik_orc_4, enter_bailey_3, evilmike_minifort
D:11:     kennysheep_blocky_hall, layout_basic, erik_lair_orcish_takeover,
          enter_trove_6, minivault_14, uniq_erica, uniq_urug
D:12:     layout_loops_corners, trog_hazing_becter
D:13:     layout_basic, ebering_ghost_xom, nrook_mini_backslash,
          elyvilon_altar_1, uniq_nessos
D:14:     layout_layer_cave, grunt_vaults_entry_fortified
D:15:     grunt_enter_depths_snipers, layout_rooms, nemelex_lonely_heart_becter,
          uniq_kirke, uniq_roxanne
Temple:   kb_temple_of_zot

Skill      XL: |  1  2  3  4  5  6  7  8  9 10 11 12 13 14 |
---------------+-------------------------------------------+-----
Shields        | 3 4 5 6 7 8 9 |  9.9
Unarmed Combat | 3 4 5 7 8 10 12 13 14 | 14.5
Armour         | 1 2 3 4 6 7 8 |  8.6
Fighting       | 3 4 5 6 7 8 9 |  9.1
Dodging        | 3 4 5 6 7 8 9 |  9.1
Invocations    | 2 4 5 |  5.8

Action                   |  1- 3 |  4- 6 |  7- 9 | 10-12 | 13-15 || total
-------------------------+-------+-------+-------+-------+-------++-------
Melee: Unarmed           |   107 |   182 |   279 |   227 |   538 ||  1333
Invok: Ancestor Life: He |       |       |       |     1 |       ||     1
       Recall Ancestor   |       |       |       |     1 |     1 ||     2
Evoke: Wand              |       |       |       |       |     7 ||     7
       Phantom mirror    |       |       |       |       |     1 ||     1
  Use: Scroll            |     3 |     7 |     6 |     5 |    10 ||    31
       Potion            |       |       |    10 |     3 |     1 ||    14
 Stab: Sleeping          |       |     1 |       |     4 |       ||     5
       Distracted        |       |       |     1 |     2 |     7 ||    10
       Confused          |       |       |       |     6 |    13 ||    19
Armor: Robe              |    25 |    84 |    49 |       |       ||   158
       Skin              |       |       |    10 |       |       ||    10
       Steam dragon scal |       |       |    32 |    93 |    96 ||   221
Dodge: Dodged            |    27 |    85 |    67 |    90 |   183 ||   452
Block: Kite shield       |    37 |    83 |   112 |   127 |   221 ||   580

Table legend: (Time is in decaauts)
 A = Elapsed time spent in this place.
 B = Non-inter-level travel time spent in this place.
 C = Inter-level travel time spent in this place.
 D = Time resting spent in this place.
 E = Time spent auto-exploring this place.
 F = Levels seen in this place.
 G = Mean time per level.
                   A        B        C        D        E       F      G
               +--------+--------+--------+--------+--------+-----+--------+
         Total |  14296 |  13731 |    565 |   1948 |   8698 |  17 |  840.9 |
       Dungeon |  13906 |  13357 |    549 |   1948 |   8480 |  15 |  927.1 |
        Temple |    110 |     94 |     16 |      0 |     76 |   1 |  110.0 |
        Bailey |    279 |    279 |      0 |      0 |    142 |   1 |  279.0 |
               +--------+--------+--------+--------+--------+-----+--------+

Top non-repeatable levels by time:
    D:14: 1771 daAuts
    D:11: 1481 daAuts
    D:10: 1474 daAuts
     D:5: 1082 daAuts
    D:13: 1068 daAuts
     D:1: 1068 daAuts
    D:12: 1042 daAuts
     D:6: 758 daAuts
     D:7: 736 daAuts
     D:3: 693 daAuts
     D:9: 684 daAuts
     D:4: 662 daAuts
    D:15: 473 daAuts
     D:2: 457 daAuts
     D:8: 452 daAuts
